 Dungeon Crawl Stone Soup version 0.20.2-3-g29329e0561 (webtiles) character file.

1113 Alfie the Slasher (level 8, -2/68 HPs)
             Began as a Hill Orc Fighter on Oct 23, 2023.
             Slain by a worker ant (3 damage)
             ... on level 5 of the Dungeon.
             The game lasted 00:10:26 (3799 turns).

Alfie the Slasher (Hill Orc Fighter)                Turns: 3799, Time: 00:10:27

Health: -2/68      AC:  8    Str: 21    XL:     8   Next: 33%
Magic:  8/8        EV:  8    Int:  8    God:
Gold:   382        SH: 10    Dex: 10    Spells: 7/7 levels left

rFire    . . .     SeeInvis .   l - +2 scimitar (slice)
rCold    . . .     Gourm    .   c - +0 shield
rNeg     . . .     Faith    .   b - +0 scale mail
rPois    .         Spirit   .   (no helmet)
rElec    .         Reflect  .   (no cloak)
rCorr    .         Harm     .   (no gloves)
MR       .....                  e - +0 pair of boots
Stlth    ..........             (no amulet)
Regen    0.3/turn               (no ring)
MPRegen  0.2/turn               (no ring)

@: lethally poisoned (-2 -> -4)
A: no striking features
a: no special abilities


You were on level 5 of the Dungeon.
You were not hungry.

You visited 1 branch of the dungeon, and saw 5 of its levels.

You collected 382 gold pieces.

Inventory:

Hand Weapons
 l - a +2 scimitar of slicing (weapon)
Missiles
 d - 6 tomahawks (quivered)
Armour
 b - a +0 scale mail (worn)
 c - a +0 shield (worn)
 e - a +0 pair of boots (worn)
Jewellery
 j - an uncursed ring of ice {unknown}
Wands
 n - a wand of polymorph (14/24)
Scrolls
 k - a scroll of teleportation {unknown}
 s - a scroll of amnesia {unknown}
 t - a scroll of enchant armour {unknown}
Potions
 a - a potion of cancellation {unknown}
 g - a potion of haste {unknown}
 i - 2 potions of lignification {unknown}
 m - a potion of degeneration {unknown}
 o - 3 potions of magic
 p - a potion of agility {unknown}
 r - a potion of mutation {unknown}
Comestibles
 f - 3 bread rations
 h - a meat ration


   Skills:
 + Level 5.3 Fighting
   Level 2.5(4.6) Short Blades
 + Level 6.6(6.9) Long Blades
 + Level 5.2 Armour
 + Level 1.8 Dodging
 + Level 5.7 Shields
 + Level 0.2 Unarmed Combat


You had 7 spell levels left.
You didn't know any spells.

Dungeon Overview and Level Annotations

Branches:
Dungeon (5/15)             Temple (0/1) D:5

Altars:
Hepliaklqana
Qazlal


Message History

The ogre is severely wounded.
You block the worker ant's attack.
The ogre hits you with a giant spiked club!!
You closely miss the ogre.
The ogre is severely wounded.
The worker ant bites you.
You are poisoned.
The worker ant poisons you! The worker ant bites you.
You block the ogre's attack. You block the worker ant's attack.
You hit the ogre.
The ogre is almost dead.
You feel sick. The worker ant bites you. You block the worker ant's attack. x2
The ogre hits you with a giant spiked club!!
* * * LOW HITPOINT WARNING * * *
You hit the ogre.
You kill the ogre!
The worker ant bites you.
* * * LOW HITPOINT WARNING * * *
You block the worker ant's attack. The worker ant bites you.
You die...

######### ## .........
... ......... ....
.######## #########....
.# ######..........[.
.######.................
.................a..b##
..............##@a....#
........†.....##).....#
.......#...#.###......#
[......#...#.# #......+
.##...##...#.###......#
.++............#......#
...............########
...........(...#
...............#


You could see 2 worker ants.

Vanquished Creatures
  Sigmund (D:2)
  A phantom (D:4)
  2 ogres
  Blork the orc (D:5)
  A water moccasin skeleton (D:5)
  An orc priest (D:5)
  4 orc wizards (D:5)
  Jessica (D:2)
  Natasha (thrice) (D:2)
  2 worker ants
  4 gnolls (D:3)
  A howler monkey skeleton (D:4)
  12 adders
  A shadow imp (D:5)
  An ooze (D:5)
  An adder skeleton (D:4)
  3 dart slugs
  5 leopard geckos
  10 orcs (D:5)
  7 bats
  6 giant cockroaches
  23 goblins
  10 hobgoblins
  7 jackals
  2 quokkas (D:4)
  A ball python (D:1)
  6 frilled lizards
  6 kobolds
  A leopard gecko skeleton (D:4)
  7 rats
131 creatures vanquished.

Notes
Turn   | Place    | Note
-------+----------+-------------------------------------------
     0 | D:1      | Alfie the Hill Orc Fighter began the quest for the Orb.
     0 | D:1      | Reached XP level 1. HP: 19/19 MP: 1/1
   162 | D:1      | Reached XP level 2. HP: 27/27 MP: 2/2
   394 | D:1      | Reached XP level 3. HP: 33/33 MP: 3/3
   731 | D:2      | Noticed Natasha
   909 | D:2      | Killed Natasha
   909 | D:2      | Reached XP level 4. HP: 20/40 MP: 4/4
   945 | D:2      | Noticed Natasha
   953 | D:2      | Killed Natasha
   978 | D:2      | Noticed Natasha
   987 | D:2      | Killed Natasha
   987 | D:2      | Reached skill level 1 in Long Blades
   987 | D:2      | Reached XP level 5. HP: 17/47 MP: 5/5
  1170 | D:2      | Noticed Sigmund
  1185 | D:2      | Killed Sigmund
  1185 | D:2      | Reached skill level 3 in Long Blades
  1185 | D:2      | Reached skill level 1 in Dodging
  1185 | D:2      | Reached XP level 6. HP: 43/53 MP: 6/6
  1440 | D:2      | Noticed Jessica
  1452 | D:2      | Killed Jessica
  1640 | D:3      | Reached skill level 4 in Long Blades
  2049 | D:3      | Reached XP level 7. HP: 52/60 MP: 7/7
  2370 | D:4      | Reached skill level 5 in Fighting
  2370 | D:4      | Reached skill level 5 in Shields
  2527 | D:4      | Reached skill level 5 in Long Blades
  2571 | D:4      | Found a stormy altar of Qazlal.
  3404 | D:5      | Entered Level 5 of the Dungeon
  3582 | D:5      | Found a hazy altar of Hepliaklqana.
  3634 | D:5      | Reached XP level 8. HP: 58/68 MP: 8/8
  3664 | D:5      | Reached skill level 5 in Armour
  3726 | D:5      | Found a staircase to the Ecumenical Temple.
  3728 | D:5      | Noticed Blork the orc
  3741 | D:5      | Killed Blork the orc
  3741 | D:5      | Reached skill level 6 in Long Blades
  3799 | D:5      | HP: 1/68 [worker ant (3)]
  3799 | D:5      | Slain by a worker ant

Skill      XL: |  1  2  3  4  5  6  7  8 |
---------------+-------------------------+-----
Fighting       | 4 5 |  5.3
Shields        | 4 5 |  5.7
Long Blades    | 1 3 4 5 6 |  6.6
Armour         | 4 5 |  5.2
Dodging        | 1 |  1.8
Short Blades   | |  2.5
Unarmed Combat | |  0.2

Action                   |  1- 3 |  4- 6 |  7- 9 || total
-------------------------+-------+-------+-------++-------
Melee: Rapier            |    68 |       |       ||    68
       Scimitar          |    21 |   148 |   175 ||   344
       Unarmed           |     7 |       |       ||     7
  Use: Potion            |       |     1 |       ||     1
       Scroll            |       |       |     6 ||     6
  Eat: Royal jelly       |       |     1 |       ||     1
       Bread ration      |       |     1 |     1 ||     2
Armor: Scale mail        |    54 |    75 |    67 ||   196
Dodge: Dodged            |    39 |    40 |    44 ||   123
Block: Shield            |    57 |    95 |    90 ||   242
       Rpst.: Scimitar   |     1 |    18 |     9 ||    28
